 Dungeon Crawl Stone Soup version 0.19-a0-1168-g98094fc (webtiles) character file.

2557 Leszczynek the Basher (level 9, 20/92 HPs)
             Began as an Ogre Earth Elementalist on Aug 15, 2016.
             Was a Priest of Cheibriados.
             Quit the game on level 8 of the Dungeon.
             The game lasted 00:31:12 (5025 turns).

Leszczynek the Basher (Ogre Earth Elementalist)     Turns: 5025, Time: 00:31:12

Health: 20/92      AC:  4    Str: 23    XL:     9   Next: 56%
Magic:  12/12      EV: 18    Int: 21    God:    Cheibriados [***...]
Gold:   0          SH:  0    Dex: 24    Spells: 2 memorised, 9 levels left

rFire  . . .     SeeInvis .     a - +1 giant club
rCold  . . .     Gourm    +     c - +0 robe
rNeg   . . .     Faith    .     (shield currently unavailable)
rPois  .         Spirit   .     (helmet restricted)
rElec  .         Dismiss  .     y - +0 cloak
rCorr  .         Reflect  .     (gloves unavailable)
MR     .....     Harm     .     (boots unavailable)
Stlth  ++++......               q - amulet of the gourmand
                                m - +3 ring of slaying
                                h - ring of stealth

@: agile, very slow
A: unfitting armour, slow regeneration 1, tough skin 1
a: Bend Time, Temporal Distortion, Renounce Religion


You were on level 8 of the Dungeon.
You worshipped Cheibriados.
Cheibriados was most pleased with you.
You were not hungry.

You visited 2 branches of the dungeon, and saw 9 of its levels.

Inventory:

Hand Weapons
 a - a +1 giant club (weapon)
Armour
 c - a +0 robe (worn)
 y - a +0 cloak (worn)
Rods
 p - a -1 rod of inaccuracy (9/9)
   (You found it on level 8 of the Dungeon)
Jewellery
 h - a ring of stealth (left hand)
 m - a +3 ring of slaying (right hand)
 q - an amulet of the gourmand (around neck)
Wands
 i - a wand of flame (22/48)
 w - a wand of digging (24/24)
 z - a wand of confusion (10/48)
 F - a wand of flame (18/48)
 K - a wand of flame (12/48)
Scrolls
 f - 4 scrolls of remove curse
 j - 2 scrolls of teleportation
 l - 3 scrolls of noise
 o - 2 scrolls of enchant weapon
 s - a scroll of fog
 C - a scroll of fear {unknown}
 G - a scroll of amnesia {unknown}
 H - a scroll of enchant armour {unknown}
Potions
 u - 2 potions of curing
 v - a potion of flight
 x - 3 potions of might
 B - a potion of lignification {unknown}
 J - 2 potions of ambrosia
Comestibles
 d - 4 bread rations
 k - 31 fruits
 n - 3 royal jellies
 r - 3 meat rations


   Skills:
 + Level 6.6 Fighting
 + Level 12.9 Maces & Flails
 * Level 4.4 Dodging
 - Level 1.5 Stealth
   Level 2.0 Shields
 - Level 2.4 Spellcasting
 - Level 0.6 Transmutations
 - Level 2.1 Earth Magic


You had 9 spell levels left.
You knew the following spells:

 Your Spells              Type           Power        Failure   Level  Hunger
a - Sandblast             Erth           ##....       8%          1    None
b - Passwall              Tmut/Erth      #.........   12%         2    ##.....


Dungeon Overview and Level Annotations

Branches:
Dungeon (8/15)             Temple (1/1) D:4
   Lair: D:8-11

Altars:
Ashenzari
Cheibriados
Elyvilon
Fedhas
Gozag
Hepliaklqana
Kikubaaqudgha
Nemelex Xobeh
Okawaru
Pakellas
Qazlal
Sif Muna
Trog
Uskayaw
Vehumet
Xom
Yredelemnul
Zin
The Shining One

Annotations:
D:8 Maurice


Innate Abilities, Weirdness & Mutations

You are too large for most types of armour.
You have tough skin. (AC +1)
You regenerate slowly when monsters are visible.


Message History

You feel much better. The killer bee misses you. The killer bee stings you.
You closely miss the killer bee. The killer bee misses you. x2
The orc shouts!
You hit the killer bee.
The killer bee is lightly wounded.
The killer bee misses you. The killer bee stings you.
An orc wizard comes into view. It is wielding a dagger.
The orc wizard shouts!
You bludgeon the killer bee!!
You kill the killer bee!
Cheibriados thoroughly appreciates the change of pace.
The killer bee closely misses you.
The orc wizard gestures at you while chanting.
The magic dart hits you!
* * * LOW HITPOINT WARNING * * *
You sock the killer bee!
You kill the killer bee!
Cheibriados thoroughly appreciates the change of pace.
The killer bee misses you.
Are you sure you want to abandon this character and quit the game? (Confirm with "yes".)

#####.#.##.##.# #.####.####.#.#..
### #.#.##y##.# #.....()......#.#
..# #.#.##y##.# ######.####.###.#
#.# #.#.##..#.# ##'## #.# #.# #.#
#.#.###.#.# ##...###.. #.###.#y#
#.#.# ##.....##### ##
......#.###...# ##.......## ##.
..<####.......####.........####.>
..............yy@'.........'.....
###.#######...####........(####..
# #.# #..## ##[o.....## ##. ###.#
#.## ##.....## #. ....# ###.#
##o..## #. ##.## #...# ##'## #.
...# #.### #.# #. #### #.#####
######.## #. #.##..
..##...########.


You could see 2 killer bees, an orc wizard and an orc.

Vanquished Creatures
  Prince Ribbit (D:8)
  2 hippogriffs (D:8)
  An ice beast (D:6)
  2 black bears
  A phantom (D:8)
  A sky beast (D:6)
  2 ogres
  A centaur (D:7)
  2 big kobolds (D:8)
  Blork the orc (D:5)
  A giant frog (D:8)
  A wyvern skeleton (D:7)
  8 killer bees (D:8)
  A crimson imp (D:8)
  A jelly (D:8)
  A centaur zombie (D:8)
  3 hounds
  An orc priest (D:8)
  5 orc wizards
  A giant frog skeleton (D:6)
  2 iguanas
  3 worker ants
  10 adders
  4 gnolls (D:5)
  A howler monkey skeleton (D:6)
  A shadow imp (D:7)
  An ooze (D:2)
  2 adder skeletons (D:4)
  A dart slug (D:2)
  A giant gecko (D:1)
  13 orcs
  2 ball pythons
  3 bats
  2 giant cockroaches
  5 goblins
  4 hobgoblins
  8 jackals
  9 kobolds
  4 quokkas
  A giant gecko skeleton (D:4)
  2 giant gecko zombies
  3 giant newts
  A jackal skeleton (D:5)
  2 quokka zombies
  7 rats (D:1)
129 creatures vanquished.

Notes
Turn   | Place    | Note
-------+----------+-------------------------------------------
     0 | D:1      | Leszczynek the Ogre Earth Elementalist began the quest for the Orb.
     0 | D:1      | Reached XP level 1. HP: 16/16 MP: 3/3
    42 | D:1      | Reached skill level 1 in Fighting
   114 | D:1      | Reached skill level 2 in Fighting
   192 | D:1      | Reached XP level 2. HP: 28/28 MP: 5/5
   260 | D:2      | Learned a level 2 spell: Passwall
   272 | D:2      | Reached skill level 1 in Maces & Flails
   404 | D:1      | Reached skill level 2 in Maces & Flails
   509 | D:1      | Reached XP level 3. HP: 35/35 MP: 1/6
   767 | D:2      | Reached skill level 3 in Maces & Flails
   939 | D:5      | Entered Level 5 of the Dungeon
  1253 | D:3      | Reached skill level 4 in Maces & Flails
  1253 | D:3      | Reached XP level 4. HP: 27/42 MP: 0/7
  1460 | D:4      | Found a blossoming altar of Fedhas.
  1525 | D:4      | Reached skill level 5 in Maces & Flails
  1688 | D:4      | Found a staircase to the Ecumenical Temple.
  1693 | D:4      | Found a deep blue altar of Sif Muna.
  1703 | Temple   | Entered the Ecumenical Temple
  1747 | Temple   | Became a worshipper of Cheibriados the Contemplative
  1850 | D:5      | Reached XP level 5. HP: 49/49 MP: 6/8
  1874 | D:5      | Reached skill level 6 in Maces & Flails
  1905 | D:5      | Noticed Blork the orc
  1922 | D:5      | Killed Blork the orc
  1922 | D:5      | Reached skill level 7 in Maces & Flails
  1922 | D:5      | Reached XP level 6. HP: 15/57 MP: 9/9
  2207 | D:5      | Reached skill level 8 in Maces & Flails
  2340 | D:6      | Noticed a black bear
  2434 | D:6      | Found a sparkling altar of Nemelex Xobeh.
  2461 | D:6      | Reached * piety under Cheibriados
  2487 | D:6      | Killed a black bear
  2487 | D:6      | Reached skill level 9 in Maces & Flails
  2487 | D:6      | Reached XP level 7. HP: 49/65 MP: 7/10
  2662 | D:6      | Reached skill level 10 in Maces & Flails
  2893 | D:7      | Reached XP level 8. HP: 61/72 MP: 11/11
  3067 | D:7      | Reached skill level 11 in Maces & Flails
  3067 | D:7      | Reached skill level 1 in Shields
  3101 | D:7      | Reached skill level 3 in Fighting
  3306 | D:7      | Gained mutation: You tend to lose your temper in combat. [potion of mutation]
  3306 | D:7      | Gained mutation: You regenerate slowly when monsters are visible. [potion of mutation]
  3306 | D:7      | Gained mutation: Your body sometimes deteriorates upon taking damage. [potion of mutation]
  3307 | D:7      | Gained mutation: Scrolls take you a little longer to read. [potion of mutation]
  3307 | D:7      | Gained mutation: You have a pair of small antennae on your head. [potion of mutation]
  3307 | D:7      | Gained mutation: Your magical capacity is low. (-10% MP) [potion of mutation]
  3308 | D:7      | pff
  3350 | D:8      | Reached ** piety under Cheibriados
  3417 | D:8      | Noticed Maurice
  3423 | D:8      | Reached skill level 2 in Shields
  3699 | D:8      | Reached skill level 4 in Fighting
  3752 | D:8      | the bastard will use up all of the /tele charges for no fucking reason
  3795 | D:8      | Identified a -1 rod of inaccuracy (9/9) (You found it on level 8 of the Dungeon)
  3852 | D:8      | Reached skill level 12 in Maces & Flails
  3913 | D:8      | Noticed Prince Ribbit
  3930 | D:8      | Killed Prince Ribbit
  3930 | D:8      | Reached skill level 5 in Fighting
  4035 | D:8      | Found a sparkling altar of Nemelex Xobeh.
  4046 | D:8      | wait
  4046 | D:8      | maurice stole my shield?
  4046 | D:8      | jesus fucking christ
  4119 | D:8      | get back here you fucker
  4119 | D:8      | where the hell are you
  4274 | D:8      | Reached skill level 2 in Dodging
  4274 | D:8      | Reached XP level 9. HP: 73/88 MP: 11/11
  4442 | D:8      | Found a shattered altar of Ashenzari.
  4446 | D:8      | Reached skill level 3 in Dodging
  4506 | D:8      | Lost mutation: Scrolls take you a little longer to read. [potion of cure mutation]
  4506 | D:8      | Lost mutation: You have a pair of small antennae on your head. [potion of cure mutation]
  4506 | D:8      | Lost mutation: Your magical capacity is low. (-10% MP) [potion of cure mutation]
  4506 | D:8      | Lost mutation: You tend to lose your temper in combat. [potion of cure mutation]
  4506 | D:8      | Lost mutation: Your body sometimes deteriorates upon taking damage. [potion of cure mutation]
  4554 | D:8      | Reached *** piety under Cheibriados
  4590 | D:8      | Reached skill level 6 in Fighting
  4784 | D:8      | Reached skill level 4 in Dodging
  4923 | D:8      | so the little fuck stole my shield and all of my gold
  4923 | D:8      | and ran away?
  4923 | D:8      | holy shit
  5016 | D:8      | HP: 9/92 [killer bee (3)]
  5025 | D:8      | Quit the game

Vault maps used:
D:1:      dpeg_arrival_houses_and_road, st_stairs_3, minmay_misc_feat_nine_boxes
D:3:      first_bread, lightli_corner_chamber
D:4:      fedhas_altar_4, lemuel_crystal_altar
D:5:      serial_glass, glass_columns_b, glass_columns_a, uniq_blork_the_orc
D:6:      gammafunk_temple_overflow_statue, nemelex_xobeh_ov_fountains_minmay
D:7:      serial_glass, glass_columns_a, glass_columns_a, glass_columns_a,
          glass_columns_b, glass_columns_a, glass_columns_c, glass_columns_c,
          glass_columns_a
D:8:      nicolae_overflow_crystal_walls, blue_anna_alchemist,
          cheibrodos_ashenzari_chains, uniq_maurice, uniq_prince_ribbit1
Temple:   compressed_dpeg_circular_temple

Skill      XL: |  1  2  3  4  5  6  7  8  9 |
---------------+----------------------------+-----
Fighting       | 2 5 6 |  6.6
Maces & Flails | 2 4 5 7 9 10 12 | 12.9
Shields        | 2 |  2.0
Dodging        | 2 4 |  4.4
Stealth        | |  1.5
Spellcasting   | |  2.4
Transmutations | |  0.6
Earth Magic    | |  2.1

Action                   |  1- 3 |  4- 6 |  7- 9 || total
-------------------------+-------+-------+-------++-------
Melee: Dagger            |    10 |       |       ||    10
       Unarmed           |     2 |       |       ||     2
       Mace              |    37 |    69 |       ||   106
       Flail             |       |    32 |     5 ||    37
       Giant club        |       |       |   178 ||   178
Throw: Stone             |       |       |     1 ||     1
 Cast: Sandblast         |    20 |    16 |       ||    36
Invok: Bend Time         |       |       |     2 ||     2
Evoke: Wand              |       |       |     4 ||     4
  Use: Scroll            |     5 |     4 |     9 ||    18
       Potion            |       |     2 |     6 ||     8
 Stab: Sleeping          |     3 |     3 |     6 ||    12
       Invisible         |       |     1 |       ||     1
       Distracted        |       |       |     1 ||     1
  Eat: Chunk             |     1 |     5 |     7 ||    13
       Pizza             |       |       |     1 ||     1
Armor: Robe              |    14 |    17 |    48 ||    79
Dodge: Dodged            |    30 |    48 |    91 ||   169
